 Dungeon Crawl Stone Soup version 0.23.0 (webtiles) character file.

Game seed: 14080917957474776157

113 Monsterracer the Poker (level 4, -4/37 HPs)
             Began as a Merfolk Abyssal Knight on Feb 10, 2019.
             Was a Believer of Lugonu.
             Killed from afar by an orc wizard (16 damage)
             ... with a puff of flame
             ... on level 2 of the Dungeon.
             The game lasted 00:01:48 (2273 turns).

Monsterracer the Poker (Merfolk Abyssal Knight)     Turns: 2273, Time: 00:01:48

Health: -4/37      AC:  3    Str: 12    XL:     4   Next: 96%
Magic:  6/6        EV: 17    Int: 11    God:    Lugonu [**....]
Gold:   55         SH:  0    Dex: 14    Spells: 3/3 levels left

rFire    x . .     SeeInvis .   a - +1 spear
rCold    + . .     Gourm    .   (no shield)
rNeg     . . .     Faith    .   b - +0 leather armour
rPois    .         Spirit   .   (no helmet)
rElec    .         Reflect  .   (no cloak)
rCorr    .         Harm     .   (no gloves)
MR       .....                  (no boots)
Stlth    +.........             (no amulet)
HPRegen  0.12/turn              d - +4 ring of evasion
MPRegen  0.10/turn              h - ring of ice (curse)

@: no status effects
A: change form in water, swift swim, stealthy swim
a: Depart the Abyss, Bend Space, Renounce Religion


You were on level 2 of the Dungeon.
You worshipped Lugonu.
Lugonu was pleased with you.
You were not hungry.

You visited 1 branch of the dungeon, and saw 2 of its levels.
You visited the Abyss 1 time.

You collected 55 gold pieces.

Inventory:

Hand Weapons
 a - a +1 spear (weapon)
Armour
 b - a +0 leather armour (worn)
Jewellery
 d - a +4 ring of evasion (left hand)
 h - a cursed ring of ice (right hand)
Scrolls
 g - a scroll of teleportation {unknown}
 i - a scroll of identify {unknown}
Potions
 e - a potion of cancellation {unknown}
 f - 3 potions of curing {unknown}
 j - a potion of agility {unknown}
 k - a potion of degeneration {unknown}
Comestibles
 c - 3 rations


   Skills:
 + Level 4.0 Fighting
 * Level 5.0 Polearms
 - Level 0.6 Armour
 + Level 3.7 Dodging
 + Level 3.0 Invocations


You had 3 spell levels left.
You didn't know any spells.
Your spell library was empty.

Dungeon Overview and Level Annotations

Branches:
Dungeon (2/15)

Altars:


Message History

You reach to attack!
You hit the orc.
The orc is heavily wounded.
You barely miss the orc.
The orc is heavily wounded.
The orc barely misses you.
You barely miss the orc.
The orc is heavily wounded.
The orc completely misses you.
You hit the orc.
The orc is almost dead.
The orc misses you.
You hit the orc.
You kill the orc!
Lugonu accepts your kill.
You hit the orc wizard.
The orc wizard is moderately wounded.
The orc priest calls upon Beogh to heal the orc wizard.
The orc wizard's wounds heal themselves!
You closely miss the orc wizard.
The orc wizard hits you but does no damage.
You closely miss the orc wizard. The orc wizard barely misses you.
You completely miss the orc wizard.
The orc hits you from afar with a +0 trident.
The orc wizard gestures at you while chanting.
The magic dart hits you!
The orc priest hits you but does no damage.
You take 12 damage, and have 25/37 hp.
MASSIVE DAMAGE!!
You are too injured to fight recklessly!
You hit the orc wizard.
The orc wizard is lightly wounded.
The orc misses you. The orc priest barely misses you.
The orc wizard hits you with a +0 dagger.
You take 1 damage, and have 24/37 hp.
You barely miss the orc priest. The orc priest barely misses you.
The orc wizard closely misses you. The orc barely misses you.
You puncture the orc priest!
The orc priest is heavily wounded.
The orc priest misses you.
The orc wizard hits you but does no damage.
The orc barely misses you.
You hit the orc priest.
The orc priest is almost dead.
The orc priest calls upon Beogh to heal the orc wizard.
The orc wizard's wounds heal themselves!
The orc wizard hits you but does no damage.
You closely miss the orc priest.
The orc priest is almost dead.
The orc hits you from afar with a +0 trident.
The orc wizard points at you and mumbles some strange words.
You resist with some effort. The orc priest hits you.
* * * LOW HITPOINT WARNING * * *
You take 9 damage, and have 15/37 hp.
MASSIVE DAMAGE!!
Unknown command.
You hit the orc priest.
You kill the orc priest!
Lugonu accepts your kill.
Your Fighting skill increases to level 4!
Your Polearms skill increases to level 5!
Your Invocations skill increases to level 3!
The orc misses you.
The orc wizard hits you but does no damage.
Attack whom?
Press: ? - help, Dir - move target cursor, f - orc wizard
Aim: an orc wizard, wielding a +0 dagger and wearing a +0 robe You reach to attack!
You hit the orc wizard but do no damage.
There is an open door here.
You hit the orc wizard.
The orc wizard is moderately wounded.
The orc closely misses you.
The orc wizard hits you but does no damage.
You hit the orc wizard but do no damage.
The orc wizard is moderately wounded.
The orc wizard hits you with a +0 dagger.
* * * LOW HITPOINT WARNING * * *
You take 5 damage, and have 12/37 hp.
Unknown command.
The orc wizard points at you and mumbles some strange words.
You are confused.
You bump into the rock wall.
You bump into the rock wall.
The orc wizard hits you with a +0 dagger.
* * * LOW HITPOINT WARNING * * *
You take 1 damage, and have 11/37 hp.
You bump into the rock wall.
The orc wizard casts a spell.
The orc wizard flickers and vanishes!
Deactivating autopickup; reactivate with Ctrl-A.
The orc closely misses you.
You feel less confused.
Attack whom?
Press: ? - help, Dir - move target cursor, f - orc
Aim: an orc, wielding a +0 trident and wearing a +0 scale mail You reach to attack!
You hit the orc.
The orc is heavily wounded.
The orc barely misses you.
You hear some strange, mumbled words.
A puff of flame appears from out of thin air!
The puff of flame hits you! The fire burns you terribly!
You die... #...........##.# ###########.##(# #.##.# #... ..# #.##.### #.. ... #.#....# ... .. #.##.#.# ..!.. #.##.#.# ##o#. #.####.####.# ooo

#@##........# #.#
#.##.#.######
#(###### #o##.#.#
#.[....###.##.#.#
#.†....'...##.#.# ..
#......######.#.#
...#......##.....#.#
#.##...(...........#
.....#+#.###.####..#


You could see an orc.

Vanquished Creatures
  An orc priest (D:2)
  Terence (D:2)
  An adder (D:2)
  An ooze (D:1)
  2 leopard geckos (D:1)
  2 orcs (D:2)
  A ball python (D:1)
  8 bats
  10 hobgoblins
  2 jackals (D:1)
  A frilled lizard (D:1)
  4 goblins (D:1)
  3 kobolds
  3 rats (D:1)
40 creatures vanquished.

Notes
Turn   | Place    | Note
-------+----------+-------------------------------------------
     0 | Abyss:1  | Monsterracer the Merfolk Abyssal Knight began the quest for
                  | the Orb.
     0 | Abyss:1  | Reached XP level 1. HP: 18/18 MP: 2/2
     9 | D:1      | Escaped the Abyss
   228 | D:1      | Reached XP level 2. HP: 19/24 MP: 3/3
   686 | D:1      | Reached XP level 3. HP: 22/29 MP: 4/4
   777 | D:1      | Reached ** piety under Lugonu
   798 | D:1      | Reached skill level 4 in Polearms
  1029 | D:1      | HP: 13/29 [leopard gecko (3)]
  1855 | D:2      | HP: 13/30 [adder (4)]
  2058 | D:2      | Noticed Terence
  2076 | D:2      | Killed Terence
  2076 | D:2      | Reached XP level 4. HP: 36/37 MP: 6/6
  2255 | D:2      | HP: 15/37 [orc priest (6)]
  2256 | D:2      | Reached skill level 5 in Polearms
  2266 | D:2      | HP: 12/37 [orc wizard/+0 dagger (5)]
  2273 | D:2      | Killed from afar by an orc wizard

Skill      XL: |  1  2  3  4 |
---------------+-------------+-----
Dodging        | 3 |  3.7
Polearms       | 4 5 |  5.0
Fighting       | 4 |  4.0
Invocations    | 3 |  3.0
Armour         | |  0.6

Action                   |  1- 3 |  4- 6 || total
-------------------------+-------+-------++-------
Melee: Spear             |   175 |    27 ||   202
 Stab: Sleeping          |     2 |       ||     2
  Eat: Chunk             |     4 |       ||     4
Armor: Leather armour    |    15 |     5 ||    20
Dodge: Dodged            |   112 |    20 ||   132

Levels and vault maps discovered:
D:1:      scummos_arrival_simple_crosswalls, layout_basic,
          minmay_misc_feat_enclosed, palyth_stone_intersect
D:2:      layout_basic, lemuel_round_altar, old_standard_altar, uniq_robin,
          uniq_terence
Abyss:1
